 Dungeon Crawl Stone Soup version 0.20.0-15-g7f486f2 (webtiles) character file.

73 QuCean the Firebug (level 4, -2/34 HPs)
             Began as a Draconian Fire Elementalist on June 14, 2017.
             Slain by Terence
             ... wielding a +2 short sword of speed
              (9 damage)
             ... on level 2 of the Dungeon.
             The game lasted 00:08:38 (3137 turns).

QuCean the Firebug (Draconian Fire Elementalist)    Turns: 3137, Time: 00:08:39

Health: -2/34      AC:  5    Str: 10    XL:     4   Next: 8%
Magic:  6/7        EV: 12    Int: 16    God:
Gold:   66         SH:  0    Dex: 12    Spells: 7/8 levels left

rFire    . . .     SeeInvis .   h - +0 long sword
rCold    . . .     Gourm    .   (no shield)
rNeg     . . .     Faith    .   (armour unavailable)
rPois    .         Spirit   .   (helmet restricted)
rElec    .         Reflect  .   (no cloak)
rCorr    .         Harm     .   (no gloves)
MR       .....                  (no boots)
Stlth    ++........             (no amulet)
Regen    0.2/turn               (no ring)
MPRegen  0.1/turn               (no ring)

@: no status effects
A: unfitting armour, cold-blooded, AC +5
a: no special abilities


You were on level 2 of the Dungeon.
You were not hungry.

You visited 1 branch of the dungeon, and saw 3 of its levels.

You collected 66 gold pieces.

Inventory:

Hand Weapons
 h - a +0 long sword (weapon)
Jewellery
 f - an uncursed amulet of the gourmand
Scrolls
 j - a scroll of enchant weapon {unknown}
 k - a scroll of fog {unknown}
Potions
 b - a potion of heal wounds {unknown}
 e - a potion of berserk rage {unknown}
 i - a potion of magic {unknown}
Books
 a - a book of Flames

   Spells                             Type                      Level
   a - Flame Tongue                   Conjuration/Fire             1
   b - Throw Flame                    Conjuration/Fire             2
   c - Conjure Flame                  Conjuration/Fire             3
   d - Inner Flame                    Hexes/Fire                   3
   e - Sticky Flame                   Conjuration/Fire             4
   f - Fireball                       Conjuration/Fire             5
Comestibles
 d - 4 fruits
 g - a meat ration


   Skills:
 + Level 0.4 Fighting
 + Level 2.4 Dodging
 + Level 2.1 Stealth
 + Level 0.2 Unarmed Combat
 + Level 2.5 Spellcasting
 + Level 1.7 Conjurations
 + Level 3.4 Fire Magic


You had 7 spell levels left.
You knew the following spells:

 Your Spells              Type           Power        Failure   Level  Hunger
a - Flame Tongue          Conj/Fire      ##...        7%          1    #......


Dungeon Overview and Level Annotations

Branches:
Dungeon (3/15)

Altars:
Ashenzari
Okawaru

Annotations:
D:2 Terence


Innate Abilities, Weirdness & Mutations

Your plain brown scales are hard. (AC +5)
You cannot fit into any form of body armour.
You are cold-blooded and may be slowed by cold attacks.


Message History

Terence hits you with a short sword of speed.
Terence completely misses you.
You closely miss Terence.
Terence is severely wounded.
Terence hits you with a short sword of speed.
You barely miss Terence.
Terence is severely wounded.
Terence hits you with a short sword of speed.
Terence hits you with a short sword of speed!
You barely miss Terence.
Terence is severely wounded.
Terence hits you with a short sword of speed.
* * * LOW HITPOINT WARNING * * *
Terence hits you with a short sword of speed.
* * * LOW HITPOINT WARNING * * *
You hit Terence but do no damage.
You tail-slap Terence, but do no damage.
Terence is severely wounded.
Terence hits you with a short sword of speed!
You die...

##..##...#
##############..######
#..(........)..>..#
#.#################
#.#...#.........#
#.#.#.#.#######.#
#.#.#.#.# #.######
#.#...@.# #.......
#....@### ########
#######


You could see Terence.

Vanquished Creatures
  2 adders
  A gnoll (D:1)
  An ooze (D:2)
  3 dart slugs
  2 leopard geckos (D:2)
  7 goblins
  4 hobgoblins (D:1)
  4 jackals (D:1)
  3 kobolds
  A bat (D:1)
  2 frilled lizards
  4 rats
34 creatures vanquished.

Notes
Turn   | Place    | Note
-------+----------+-------------------------------------------
     0 | D:1      | QuCean the Draconian Fire Elementalist began the quest for the Orb.
     0 | D:1      | Reached XP level 1. HP: 14/14 MP: 3/3
   601 | D:1      | Reached XP level 2. HP: 18/20 MP: 0/5
  1199 | D:1      | Found a shattered altar of Ashenzari.
  1862 | D:1      | Reached XP level 3. HP: 26/26 MP: 4/6
  2234 | D:2      | Found an iron altar of Okawaru.
  2692 | D:2      | Noticed Terence
  2695 | D:2      | Reached XP level 4. HP: 34/34 MP: 4/7
  3137 | D:2      | Slain by Terence

Skill      XL: |  1  2 |
---------------+-------+-----
Dodging        | 2 |  2.4
Stealth        | 2 |  2.1
Fighting       | |  0.4
Unarmed Combat | |  0.2
Spellcasting   | |  2.5
Conjurations   | |  1.7
Fire Magic     | |  3.4

Action                   |  1- 3 |  4- 6 || total
-------------------------+-------+-------++-------
Melee: Unarmed           |    51 |       ||    51
       Tailslap          |     3 |     1 ||     4
       Long sword        |       |     9 ||     9
 Cast: Flame Tongue      |    53 |    10 ||    63
  Use: Scroll            |     5 |     1 ||     6
  Eat: Bread ration      |     1 |       ||     1
       Chunk             |     2 |       ||     2
       Royal jelly       |       |     1 ||     1
Armor: Skin              |    37 |     4 ||    41
Dodge: Dodged            |    80 |    16 ||    96
       Rpst.: Long sword |       |     2 ||     2
